 Dungeon Sprint DCSS version 0.22-a0-303-g4a852b3 (webtiles) character file.

40 Ghella the Fighter (level 3, -4/61 HPs)
             Began as a Minotaur Berserker on Mar 27, 2018.
             Was a Priest of Trog.
             Slain by a gnoll
             ... wielding a cursed -1 halberd
              (13 damage)
             ... in the Dungeon (Sprint VII: "The Pits").
             The game lasted 00:01:26 (156 turns).

Ghella the Fighter (Minotaur Berserker)              Turns: 156, Time: 00:01:26

Health: -4/61      AC:  2    Str: 27    XL:     3   Next: 30%
Magic:  2/2        EV: 12    Int:  4    God:    Trog [***...]
Gold:   0          SH:  0    Dex:  9    Spells: 2/2 levels left

rFire    . . .     SeeInvis .   l - +2 hand axe
rCold    . . .     Gourm    .   (no shield)
rNeg     . . .     Faith    .   b - +0 animal skin
rPois    .         Spirit   .   (helmet restricted)
rElec    .         Reflect  .   (no cloak)
rCorr    .         Harm     .   (no gloves)
MR       .....     NoTele   +   (no boots)
Stlth    ..........             (no amulet)
HPRegen  0.20/turn              (no ring)
MPRegen  0.08/turn              (no ring)

@: berserking, very quick
A: retaliatory headbutt, horns 2
a: Berserk, Trog's Hand, Renounce Religion


You were in the Dungeon.
You worshipped Trog.
Trog was most pleased with you.
You were not hungry.

You visited 1 branch

Inventory:

Hand Weapons
 a - a +0 mace
 k - a +2 mace
 l - a +2 hand axe (weapon)
Armour
 b - a +0 animal skin (worn)
Scrolls
 i - a scroll of blinking
 n - 3 scrolls of remove curse
 o - a scroll of summoning
Potions
 d - a potion of curing
 e - a potion of heal wounds
 f - a potion of haste
 g - 4 potions of magic
 h - 3 potions of berserk rage
 m - 2 potions of invisibility
Comestibles
 c - 9 rations
 j - a chunk of flesh


   Skills:
 + Level 8.6 Fighting
 - Level 3.8 Maces & Flails
 - Level 2.5 Armour
 - Level 2.2 Dodging
 + Level 0.1 Stealth


You had 2 spell levels left.
You didn't know any spells.

Dungeon Overview and Level Annotations

Branches:
Dungeon (1/1)

Altars:
Ashenzari
Cheibriados
Dithmenos
Elyvilon
Fedhas
Gozag
Hepliaklqana
Kikubaaqudgha
Makhleb
Nemelex Xobeh
Okawaru
Qazlal
Ru
Sif Muna
Trog
Uskayaw
Vehumet
Wu Jian
Xom
Yredelemnul
Zin
The Shining One
Beogh
Jiyva
Lugonu


Innate Abilities, Weirdness & Mutations

You reflexively headbutt those who attack you in melee.
You have a pair of horns on your head.


Message History

You feel quite a bit more hungry. The gnoll barely misses you.
The river rat bites you.
You slash the river rat!
You kill the river rat!
Trog accepts your kill.
Your Fighting skill increases to level 8!
You have reached level 3!
Your experience leads to an increase in your attributes!
Your base attributes are Str 21, Int 4, Dex 9.
Increase (S)trength, (I)ntelligence, or (D)exterity?
You feel stronger.
You slash the gnoll!
You kill the gnoll!
Trog accepts your kill. The gnoll hits you with a spear!
* * * LOW HITPOINT WARNING * * *
The gnoll hits you from afar with a spear.
* * * LOW HITPOINT WARNING * * *
The gnoll hits you with a halberd!
You die...

#.?(.')).'.##......#..#
##########.##..........
#..........รท'...........
#+#####'#####......#..#.
#.....##...........
#####'#####'#####+
#..)..##.......#
#.....##.......#
###@####.......#
#.ggg.##...<...#
....g...##.......#
#........##.......#
###########.......#
#########


You could see a gnoll shaman and 3 gnolls.

Vanquished Creatures
  2 gnolls (D)
  A river rat (D)
  An ooze (D)
  An orc (D)
  A ball python (D)
  A bat skeleton (D)
  A quokka (D)
  A rat (D)
9 creatures vanquished.

Notes
Turn   | Place    | Note
-------+----------+-------------------------------------------
     0 | D        | Ghella the Minotaur Berserker began the quest for the Orb.
     0 | D        | Reached XP level 1. HP: 19/19 MP: 0/0
    49 | D        | Found a bloodstained altar of Trog.
    49 | D        | Found a deep blue altar of Sif Muna.
    49 | D        | Found a viscous altar of Jiyva.
    49 | D        | Found a hazy altar of Hepliaklqana.
    49 | D        | Found an opulent altar of Gozag.
    50 | D        | Found a glowing golden altar of the Shining One.
    50 | D        | Found a glowing silver altar of Zin.
    50 | D        | Found a basalt altar of Yredelemnul.
    50 | D        | Found a shimmering altar of Xom.
    50 | D        | Found an ornate altar of the Wu Jian Council.
    50 | D        | Found a sacrificial altar of Ru.
    50 | D        | Found a stormy altar of Qazlal.
    50 | D        | Found an iron altar of Okawaru.
    50 | D        | Found a sparkling altar of Nemelex Xobeh.
    50 | D        | Found a burning altar of Makhleb.
    50 | D        | Found a blossoming altar of Fedhas.
    50 | D        | Found a white marble altar of Elyvilon.
    50 | D        | Found a shadowy altar of Dithmenos.
    50 | D        | Found a snail-covered altar of Cheibriados.
    53 | D        | Found a corrupted altar of Lugonu.
    53 | D        | Found a radiant altar of Vehumet.
    53 | D        | Found a roughly hewn altar of Beogh.
    54 | D        | Found an ancient bone altar of Kikubaaqudgha.
    54 | D        | Found a hide-covered altar of Uskayaw.
    54 | D        | Found a shattered altar of Ashenzari.
    71 | D        | Reached skill level 6 in Fighting
    71 | D        | Reached XP level 2. HP: 27/30 MP: 1/1
    73 | D        | Reached ** piety under Trog
   152 | D        | Reached *** piety under Trog
   152 | D        | Reached skill level 7 in Fighting
   154 | D        | Reached skill level 8 in Fighting
   154 | D        | Reached XP level 3. HP: 23/40 MP: 2/2
   156 | D        | Slain by a gnoll

Vault maps used:
D:        pitsprint

Skill      XL: |  1  2 |
---------------+-------+-----
Fighting       | 6 8 |  8.6
Maces & Flails | |  3.8
Armour         | |  2.5
Dodging        | |  2.2
Stealth        | |  0.1

Action                   || total
-------------------------++-------
Melee: Hand axe          ||    14
       Headbutt          ||     2
       Mace              ||     1
Invok: Berserk           ||     1
Dodge: Dodged            ||    13

Table legend:
 A = Spawn XP
 B = Non-spawn XP
 C = Spawn XP percentage of total XP
 D = Spawn monster count
 E = Non-spawn monster count
 F = Spawn count percentage of total count
 G = Total turns spent on level
                    A         B        C        D         E        F      G
               +---------+---------+-------+---------+---------+-------+---------
         Total |       0 |      58 |   0.0 |       0 |       9 |   0.0 |   156
               +---------+---------+-------+---------+---------+-------+---------
             D |       0 |      58 |   0.0 |       0 |       9 |   0.0 |   156
               +---------+---------+-------+---------+---------+-------+---------
